Saguenéens vs River Frogs
Created - November 9, 2019 at 20:40
Goals
|
Saguenéens |
0 |
1 |
1 |
2 |
River Frogs |
0 |
1 |
0 |
1 |
|
Shots
|
Saguenéens |
12 |
6 |
4 |
22 |
River Frogs |
9 |
16 |
9 |
34 |
|
1st period
No Goal
Penalties :
Michael Latta (Chi) for Hooking (Minor) at 10:58, Ondrej Kase (Lou) for Interference (Minor) at 17:18
2nd period
1. River Frogs , Emerson Etem 6 (Christian Hanson 12) at 0:07
2. Saguenéens , Mason Raymond 7 (Luke Witkowski 13, Michael Latta 9) at 7:03
Penalties :
Leon Draisaitl (Lou) for Tripping (Minor) at 3:08, Mario Lucia (Lou) for Slashing (Minor) at 7:08, Jake McCabe (Chi) for Holding (Minor) at 18:46
3rd period
3. Saguenéens , Carl Hagelin 4 (Rhett Rakhshani 3, Jake McCabe 9) at 2:29
Penalties :
Craig Cunningham (Chi) for Tripping (Minor) at 5:20, Carl Hagelin (Chi) for Cross-checking (Minor) at 10:49, Patrick Sieloff (Chi) for Hooking (Minor) at 11:17, Francis Perron (Lou) for Interference (Minor) at 17:00
Goalie Stats
Joe Cannata (Chi), 33 saves from 34 shots - (0.971), W, 6-1-0, 60:00 minutes
Phoenix Copley (Lou), 20 saves from 22 shots - (0.909), L, 3-1-0, 59:56 minutes
Players Stats for Saguenéens
Player Name G A P +/- PIM S H SB GA TA FO MP PP MP PK MP
------------------------------------------------------------------------------------
Adam Erne 0 0 0 0 0 1 1 1 0 1 0/0 11:30 0:00 0:00
Alexander Wennberg 0 0 0 1 0 3 1 0 0 0 4/10 18:21 3:54 1:29
Carl Hagelin 1 0 1 1 2 2 2 0 1 0 0/0 16:58 3:54 0:23
Craig Cunningham 0 0 0 0 2 2 0 1 0 1 1/2 12:32 0:07 0:33
Dalton Prout 0 0 0 1 0 3 1 3 0 0 0/0 28:22 3:59 4:00
Duncan Siemens 0 0 0 0 0 2 1 0 0 1 0/0 10:03 0:00 0:34
Henrik Samuelsson 0 0 0 0 0 1 0 1 0 0 0/1 7:51 0:00 1:15
Jake McCabe 0 1 1 1 2 2 2 1 0 0 0/0 27:04 3:59 2:52
Julius Honka 0 0 0 0 0 0 0 1 0 1 0/0 12:00 0:00 2:40
Juraj Mikus 0 0 0 0 0 0 0 1 0 0 1/3 4:08 0:00 0:00
Luke Witkowski 0 1 1 0 0 3 0 0 1 0 1/2 18:47 4:02 1:29
Mason Raymond 1 0 1 0 0 1 0 1 1 0 1/2 21:48 4:02 4:37
Michael Latta 0 1 1 0 2 1 1 0 0 0 19/39 22:04 3:55 3:47
Nick Mattson 0 0 0 0 0 0 2 1 1 1 0/0 21:37 3:57 3:43
Nikita Scherbak 0 0 0 0 0 0 0 0 0 0 0/0 5:55 0:00 0:00
Patrick Sieloff 0 0 0 0 2 0 2 0 1 1 0/0 21:17 3:57 2:58
Rhett Rakhshani 0 1 1 1 0 1 2 1 0 0 0/0 16:36 3:54 0:00
Teemu Pulkkinen 0 0 0 0 0 0 0 1 1 1 2/5 13:07 0:00 1:44
Players Stats for River Frogs
Player Name G A P +/- PIM S H SB GA TA FO MP PP MP PK MP
------------------------------------------------------------------------------------
Aaron Ness 0 0 0 -1 0 3 0 3 2 1 0/0 19:16 3:13 3:25
Anthony Bitetto 0 0 0 1 0 1 2 0 0 0 0/0 26:20 5:11 4:31
Austin Watson 0 0 0 0 0 1 1 0 0 0 0/0 11:01 0:00 0:49
Beau Starrett 0 0 0 0 0 0 0 0 0 0 0/0 0:00 0:00 0:00
Borna Rendulic 0 0 0 0 0 1 0 1 0 0 0/0 10:08 0:30 0:00
Christian Hanson 0 1 1 0 0 2 2 0 1 2 20/41 22:33 4:53 3:55
David Kolomatis 0 0 0 -1 0 2 0 2 0 0 0/0 9:57 0:00 0:00
Dillon Heatherington 0 0 0 0 0 0 0 0 0 0 0/0 4:27 0:00 0:00
Emerson Etem 1 0 1 1 0 4 0 0 0 0 0/0 8:14 1:05 0:58
Francis Perron 0 0 0 0 2 0 0 0 0 0 0/0 2:06 1:08 0:00
Jared Knight 0 0 0 0 0 0 0 0 0 0 5/7 11:22 0:00 1:48
Joakim Nordstrom 0 0 0 0 0 1 2 0 0 0 0/0 10:54 0:30 2:58
Justin Florek 0 0 0 -1 0 1 0 1 0 0 1/1 15:17 3:01 0:00
Leon Draisaitl 0 0 0 -1 2 1 2 0 1 0 4/7 16:19 3:01 1:02
Mario Lucia 0 0 0 -1 2 1 0 0 0 0 1/1 10:28 3:10 0:00
Matt Calvert 0 0 0 0 0 5 3 0 0 0 1/3 19:36 4:53 1:20
Maxim Mamin 0 0 0 0 0 0 0 0 0 0 0/0 3:11 0:00 2:43
Morgan Rielly 0 0 0 -1 0 2 1 0 2 1 0/0 9:57 0:00 0:00
Ondrej Kase 0 0 0 -1 2 0 0 0 1 0 0/1 15:21 3:01 0:00
Richard Nejezchleb 0 0 0 0 0 4 0 0 0 0 0/0 7:16 0:00 0:00
Ryan Fitzgerald 0 0 0 0 0 1 0 0 0 1 3/3 8:14 0:00 0:19
Shane Sims 0 0 0 -1 0 0 0 0 0 0 0/0 19:16 3:13 3:25
Shea Theodore 0 0 0 0 0 2 0 1 0 1 0/0 4:27 0:00 0:00
Timothy Kunes 0 0 0 1 0 2 1 0 0 0 0/0 26:20 5:11 4:31
3 Stars
1 - Joe Cannata (Chi)
2 - Carl Hagelin (Chi)
3 - Emerson Etem (Lou)
Power Play
Saguenéens - 0 on 4 Attempt(s) - 0.00%
River Frogs - 0 on 5 Attempt(s) - 0.00%
Penalty Kill
Saguenéens - 5 on 5 Attempt(s) - 100.00%
- Score 0 goal in Penalty Kill
River Frogs - 4 on 4 Attempt(s) - 100.00%
- Score 0 goal in Penalty Kill
Team Stat
Saguenéens - Hits : 15 - Faceoff Wins : 29 - Blocked Shots : 13 - Penalty Minutes : 10
River Frogs - Hits : 14 - Faceoff Wins : 35 - Blocked Shots : 8 - Penalty Minutes : 8
Official
Referees : Unknown
Linesman : Unknown
Game Notes
Emerson Etem is injured at 2:11 of 2nd period (Left Leg)
Juraj Mikus is injured at 5:23 of 2nd period (Bruised Left Leg)
Finance
Level 1 -- Attendance: 1516 (75.80%) -- Ticket Income $60,640
Level 2 -- Attendance: 740 (74.00%) -- Ticket Income $14,800
Total Attendance: 2256 (75.20%)
Total Ticket Income: $75,440
Other Income: $3,772
Total Income: $79,212
Saguenéens
5 vs 5 Forward
Center Left Wing Right Wing Time % Phy DF OF
1 Michael Latta Mason Raymond Luke Witkowski 40 1 2 2
2 Alexander Wennberg Carl Hagelin Rhett Rakhshani 30 1 2 2
3 Juraj Mikus Craig Cunningham Adam Erne 20 1 2 2
4 Henrik Samuelsson Teemu Pulkkinen Nikita Scherbak 10 1 2 2
5 vs 5 Defense
Defense Defense Time % Phy DF OF
1 Dalton Prout Jake McCabe 40 1 2 2
2 Nick Mattson Patrick Sieloff 30 1 2 2
3 Duncan Siemens Julius Honka 20 1 2 2
4 Dalton Prout Jake McCabe 10 1 2 2
PowerPlay Forward
Center Left Wing Right Wing Time % Phy DF OF
1 Michael Latta Mason Raymond Luke Witkowski 60 1 2 2
2 Alexander Wennberg Carl Hagelin Rhett Rakhshani 40 1 2 2
PowerPlay Defense
Defense Defense Time % Phy DF OF
1 Dalton Prout Jake McCabe 60 1 2 2
2 Nick Mattson Patrick Sieloff 40 1 2 2
Penalty Kill 4 Players Forward
Center Wing Time % Phy DF OF
1 Michael Latta Mason Raymond 60 1 2 2
2 Luke Witkowski Alexander Wennberg 40 1 2 2
Penalty Kill 4 Players Defense
Defense Defense Time % Phy DF OF
1 Dalton Prout Jake McCabe 60 1 2 2
2 Nick Mattson Patrick Sieloff 40 1 2 2
Penalty Kill - 3 Players Forward
Forward Time % Phy DF OF
1 Michael Latta 60 1 2 2
2 Mason Raymond 40 1 2 2
Penalty Kill - 3 Players Defense
Defense Defense Time % Phy DF OF
1 Dalton Prout Jake McCabe 60 1 2 2
2 Nick Mattson Patrick Sieloff 40 1 2 2
4 vs 4 Forward
Center Wing Time % Phy DF OF
1 Michael Latta Mason Raymond 60 1 2 2
2 Luke Witkowski Alexander Wennberg 40 1 2 2
4 vs 4 Defense
Defense Defense Time % Phy DF OF
1 Dalton Prout Jake McCabe 60 1 2 2
2 Nick Mattson Patrick Sieloff 40 1 2 2
Last Minutes Offensive
Center Left Wing Right Wing Defense Defense
Michael Latta Mason Raymond Luke Witkowski Dalton Prout Jake McCabe
Last Minutes Defensive
Center Left Wing Right Wing Defense Defense
Michael Latta Mason Raymond Luke Witkowski Dalton Prout Jake McCabe
Goaltenders
Starting : Joe Cannata
Backup : Tyler Beskorowany
Extra Forwards
Normal : Craig Cunningham, Juraj Mikus, Teemu Pulkkinen - PP : Craig Cunningham, Juraj Mikus - PK : Teemu Pulkkinen
Extra Defensemen
Normal : Duncan Siemens, Julius Honka, Nick Mattson - PP : Duncan Siemens - PK : Julius Honka, Nick Mattson
Penalty Shots
Michael Latta, Mason Raymond, Luke Witkowski, Alexander Wennberg, Carl Hagelin
Scratches
Mikhail Grigorenko (Healthy), Tanner Richard (Healthy), Myles Bell (Healthy), Dylan Labbe (Healthy), Nick Paul (Healthy)
Mattias Janmark (Healthy), Kerby Rychel (Healthy), Jonathan Drouin (Healthy), Calle Andersson (Healthy), Victor Olofsson (Healthy)
Clark Bishop (Healthy), JJ. Piccinich (Healthy), Michael Giugovaz (Healthy)
River Frogs
5 vs 5 Forward
Center Left Wing Right Wing Time % Phy DF OF
1 Christian Hanson Matt Calvert Emerson Etem 40 1 2 2
2 Leon Draisaitl Justin Florek Ondrej Kase 30 1 2 2
3 Jared Knight Austin Watson Borna Rendulic 20 1 2 2
4 Ryan Fitzgerald Joakim Nordstrom Richard Nejezchleb 10 1 2 2
5 vs 5 Defense
Defense Defense Time % Phy DF OF
1 Anthony Bitetto Timothy Kunes 40 1 2 2
2 Shane Sims Aaron Ness 30 1 2 2
3 David Kolomatis Morgan Rielly 20 1 2 2
4 Shea Theodore Dillon Heatherington 10 1 2 2
PowerPlay Forward
Center Left Wing Right Wing Time % Phy DF OF
1 Christian Hanson Matt Calvert Emerson Etem 60 1 2 2
2 Leon Draisaitl Justin Florek Ondrej Kase 40 1 2 2
PowerPlay Defense
Defense Defense Time % Phy DF OF
1 Anthony Bitetto Timothy Kunes 60 1 2 2
2 Shane Sims Aaron Ness 40 1 2 2
Penalty Kill 4 Players Forward
Center Wing Time % Phy DF OF
1 Christian Hanson Emerson Etem 60 1 2 2
2 Leon Draisaitl Matt Calvert 40 1 2 2
Penalty Kill 4 Players Defense
Defense Defense Time % Phy DF OF
1 Anthony Bitetto Timothy Kunes 60 1 2 2
2 Shane Sims Aaron Ness 40 1 2 2
Penalty Kill - 3 Players Forward
Forward Time % Phy DF OF
1 Christian Hanson 60 1 2 2
2 Emerson Etem 40 1 2 2
Penalty Kill - 3 Players Defense
Defense Defense Time % Phy DF OF
1 Anthony Bitetto Timothy Kunes 60 1 2 2
2 Shane Sims Aaron Ness 40 1 2 2
4 vs 4 Forward
Center Wing Time % Phy DF OF
1 Christian Hanson Emerson Etem 60 1 2 2
2 Leon Draisaitl Matt Calvert 40 1 2 2
4 vs 4 Defense
Defense Defense Time % Phy DF OF
1 Anthony Bitetto Timothy Kunes 60 1 2 2
2 Shane Sims Aaron Ness 40 1 2 2
Last Minutes Offensive
Center Left Wing Right Wing Defense Defense
Christian Hanson Matt Calvert Emerson Etem Anthony Bitetto Timothy Kunes
Last Minutes Defensive
Center Left Wing Right Wing Defense Defense
Christian Hanson Matt Calvert Emerson Etem Anthony Bitetto Timothy Kunes
Goaltenders
Starting : Phoenix Copley
Backup : Thomas Greiss
Extra Forwards
Normal : Mario Lucia, Francis Perron, Maxim Mamin - PP : Mario Lucia, Francis Perron - PK : Maxim Mamin
Extra Defensemen
Normal : David Kolomatis, Morgan Rielly, Shea Theodore - PP : David Kolomatis - PK : Morgan Rielly, Shea Theodore
Penalty Shots
Christian Hanson, Emerson Etem, Leon Draisaitl, Matt Calvert, Justin Florek
Scratches
Andrew Gordon (Healthy)
% Time on Ice - Saguenéens
Lines # - Real PCT - Wanted PCT - Time Play
Normal Forward
1 - 31% - 40% - 13:17
2 - 30% - 30% - 12:58
3 - 25% - 20% - 10:31
4 - 14% - 10% - 5:55
Normal Defense
1 - 39% - 40% - 16:36
2 - 33% - 30% - 13:54
3 - 22% - 20% - 9:20
4 - 7% - 10% - 2:51
PP Forward
1 - 51% - 60% - 4:02
2 - 49% - 40% - 3:54
PP Defense
1 - 50% - 60% - 3:59
2 - 50% - 40% - 3:57
PK Forward
1 - 78% - 60% - 5:24
2 - 22% - 40% - 1:29
PK Defense
1 - 57% - 60% - 3:56
2 - 43% - 40% - 2:57
PK3 Forward
1 - 84% - 60% - 1:16
2 - 16% - 40% - 0:15
PK3 Defense
1 - 49% - 60% - 0:45
2 - 51% - 40% - 0:46
44 Forward
1 - 0% - 60%
2 - 0% - 40%
44 Defense
1 - 0% - 60%
2 - 0% - 40%
Last Minute Offensive - 0:00
Last Minute Defensive - 0:59
Total
Forward - 60:00
Defense - 60:00
|
% Time on Ice - River Frogs
Lines # - Real PCT - Wanted PCT - Time Play
Normal Forward
1 - 33% - 40% - 14:13
2 - 28% - 30% - 12:17
3 - 22% - 20% - 9:33
4 - 17% - 10% - 7:16
Normal Defense
1 - 38% - 40% - 16:38
2 - 29% - 30% - 12:38
3 - 22% - 20% - 9:36
4 - 10% - 10% - 4:27
PP Forward
1 - 64% - 60% - 5:23
2 - 36% - 40% - 3:01
PP Defense
1 - 62% - 60% - 5:11
2 - 38% - 40% - 3:13
PK Forward
1 - 83% - 60% - 6:36
2 - 17% - 40% - 1:20
PK Defense
1 - 57% - 60% - 4:31
2 - 43% - 40% - 3:25
PK3 Forward
1 - 0% - 60%
2 - 0% - 40%
PK3 Defense
1 - 0% - 60%
2 - 0% - 40%
44 Forward
1 - 0% - 60%
2 - 0% - 40%
44 Defense
1 - 0% - 60%
2 - 0% - 40%
Last Minute Offensive - 0:21
Last Minute Defensive - 0:00
Total
Forward - 60:00
Defense - 60:00
|
Play-by-Play
1st period
0:01 of 1st period - Christian Hanson wins face-off versus Mason Raymond in neutral zone.
0:34 of 1st period - Off-side.
0:35 of 1st period - Juraj Mikus wins face-off versus Jared Knight in neutral zone.
0:44 of 1st period - Snap shot by Craig Cunningham.
0:44 of 1st period - Stopped by Phoenix Copley with a rebound.
1:33 of 1st period - Slapshot by Michael Latta.
1:33 of 1st period - Shot Misses the Net.
2:46 of 1st period - Snap shot by Justin Florek.
2:46 of 1st period - Shot Blocked by Henrik Samuelsson.
3:27 of 1st period - Duncan Siemens is hit by Austin Watson and loses puck.
3:40 of 1st period - Craig Cunningham is hit by Joakim Nordstrom and loses puck.
3:47 of 1st period - Wrist shot by Craig Cunningham.
3:47 of 1st period - Stopped by Phoenix Copley with a rebound.
3:49 of 1st period - Backhand shot by Jake McCabe.
3:49 of 1st period - Stopped by Phoenix Copley with a rebound.
4:19 of 1st period - Icing by Ondrej Kase.
4:20 of 1st period - Michael Latta wins face-off versus Leon Draisaitl in River Frogs zone.
4:23 of 1st period - Wrist shot by Luke Witkowski.
4:23 of 1st period - Stopped by Phoenix Copley with a rebound.
4:25 of 1st period - Slapshot by Dalton Prout.
4:25 of 1st period - Stopped by Phoenix Copley without a rebound.
4:26 of 1st period - Michael Latta wins face-off versus Christian Hanson in River Frogs zone.
5:22 of 1st period - Slapshot by Juraj Mikus.
5:22 of 1st period - Deflect By Craig Cunningham.
5:22 of 1st period - Shot Blocked by Shea Theodore.
5:22 of 1st period - Puck is out of play.
5:23 of 1st period - Christian Hanson wins face-off versus Michael Latta in River Frogs zone.
5:55 of 1st period - Backhand shot by Emerson Etem.
5:55 of 1st period - Deflect By Carl Hagelin.
5:55 of 1st period - Shot Blocked by Jake McCabe.
5:55 of 1st period - Puck is out of play.
5:56 of 1st period - Alexander Wennberg wins face-off versus Ondrej Kase in Saguenéens zone.
6:09 of 1st period - Snap shot by Carl Hagelin.
6:09 of 1st period - Stopped by Phoenix Copley with a rebound.
6:25 of 1st period - Slapshot by Anthony Bitetto.
6:25 of 1st period - Stopped by Joe Cannata with a rebound.
7:50 of 1st period - Backhand shot by Michael Latta.
7:50 of 1st period - Stopped by Phoenix Copley without a rebound.
7:51 of 1st period - Christian Hanson wins face-off versus Michael Latta in River Frogs zone.
7:56 of 1st period - Wrist shot by Matt Calvert.
7:56 of 1st period - Stopped by Joe Cannata without a rebound.
7:57 of 1st period - Christian Hanson wins face-off versus Michael Latta in Saguenéens zone.
7:58 of 1st period - Slapshot by Emerson Etem.
7:58 of 1st period - Stopped by Joe Cannata with a rebound.
8:53 of 1st period - Slapshot by Teemu Pulkkinen.
8:53 of 1st period - Deflect By Henrik Samuelsson.
8:53 of 1st period - Shot Blocked by Aaron Ness.
8:53 of 1st period - Puck is out of play.
8:54 of 1st period - Christian Hanson wins face-off versus Henrik Samuelsson in River Frogs zone.
9:30 of 1st period - Wrist shot by Teemu Pulkkinen.
9:30 of 1st period - Shot Misses the Net.
9:44 of 1st period - Slapshot by Henrik Samuelsson.
9:44 of 1st period - Stopped by Phoenix Copley with a rebound.
9:46 of 1st period - Slapshot by Jake McCabe.
9:46 of 1st period - Stopped by Phoenix Copley without a rebound.
9:47 of 1st period - Michael Latta wins face-off versus Jared Knight in River Frogs zone.
10:37 of 1st period - Snap shot by Richard Nejezchleb.
10:37 of 1st period - Stopped by Joe Cannata without a rebound.
10:38 of 1st period - Ryan Fitzgerald wins face-off versus Alexander Wennberg in Saguenéens zone.
10:43 of 1st period - Wrist shot by Joakim Nordstrom.
10:43 of 1st period - Shot Misses the Net.
10:45 of 1st period - Snap shot by Richard Nejezchleb.
10:45 of 1st period - Stopped by Joe Cannata with a rebound.
10:47 of 1st period - Slapshot by Shea Theodore.
10:47 of 1st period - Stopped by Joe Cannata with a rebound.
10:49 of 1st period - Backhand shot by Shea Theodore.
10:49 of 1st period - Stopped by Joe Cannata without a rebound.
10:50 of 1st period - Christian Hanson wins face-off versus Michael Latta in Saguenéens zone.
10:58 of 1st period - Minor Penalty to Michael Latta for Hooking.
10:59 of 1st period - Christian Hanson wins face-off versus Teemu Pulkkinen in Saguenéens zone.
11:04 of 1st period - Slapshot by Emerson Etem.
11:04 of 1st period - Stopped by Joe Cannata without a rebound.
11:05 of 1st period - Teemu Pulkkinen wins face-off versus Christian Hanson in Saguenéens zone.
11:14 of 1st period - Wrist shot by Emerson Etem.
11:14 of 1st period - Shot Misses the Net.
12:04 of 1st period - Craig Cunningham is hit by Matt Calvert and loses puck.
12:27 of 1st period - Ondrej Kase is hit by Jake McCabe and loses puck.
12:58 of 1st period - Penalty to Michael Latta is over, Michael Latta is back on ice.
13:24 of 1st period - Slapshot by Timothy Kunes.
13:24 of 1st period - Shot Misses the Net.
13:47 of 1st period - Off-side.
13:48 of 1st period - Jared Knight wins face-off versus Michael Latta in neutral zone.
14:14 of 1st period - Patrick Sieloff is hit by Christian Hanson and loses puck.
14:35 of 1st period - Wrist shot by Ryan Fitzgerald.
14:35 of 1st period - Shot Blocked by Rhett Rakhshani.
15:05 of 1st period - Snap shot by Justin Florek.
15:05 of 1st period - Shot Misses the Net.
15:07 of 1st period - Slapshot by Leon Draisaitl.
15:07 of 1st period - Deflect By Justin Florek.
15:07 of 1st period - Shot Blocked by Dalton Prout.
15:07 of 1st period - Puck is out of play.
15:08 of 1st period - Christian Hanson wins face-off versus Michael Latta in Saguenéens zone.
15:17 of 1st period - Snap shot by Matt Calvert.
15:17 of 1st period - Stopped by Joe Cannata with a rebound.
15:35 of 1st period - Justin Florek is hit by Alexander Wennberg and loses puck.
17:04 of 1st period - Snap shot by Alexander Wennberg.
17:04 of 1st period - Shot Blocked by David Kolomatis.
17:06 of 1st period - Wrist shot by Rhett Rakhshani.
17:06 of 1st period - Stopped by Phoenix Copley with a rebound.
17:08 of 1st period - Backhand shot by Dalton Prout.
17:08 of 1st period - Stopped by Phoenix Copley with a rebound.
17:10 of 1st period - Snap shot by Dalton Prout.
17:10 of 1st period - Stopped by Phoenix Copley with a rebound.
17:12 of 1st period - Snap shot by Rhett Rakhshani.
17:12 of 1st period - Shot Blocked by David Kolomatis.
17:18 of 1st period - Minor Penalty to Ondrej Kase for Interference.
17:19 of 1st period - Christian Hanson wins face-off versus Michael Latta in River Frogs zone.
17:32 of 1st period - Snap shot by Michael Latta.
17:32 of 1st period - Shot Misses the Net.
17:44 of 1st period - Aaron Ness is hit by Nick Mattson.
18:13 of 1st period - Leon Draisaitl is hit by Carl Hagelin.
19:18 of 1st period - Penalty to Ondrej Kase is over, Ondrej Kase is back on ice.
19:34 of 1st period - Wrist shot by Austin Watson.
19:34 of 1st period - Deflect By Jared Knight.
19:34 of 1st period - Shot Blocked by Adam Erne.
19:34 of 1st period - Puck is out of play.
19:35 of 1st period - Leon Draisaitl wins face-off versus Juraj Mikus in Saguenéens zone.
19:38 of 1st period - Wrist shot by Ondrej Kase.
19:38 of 1st period - Shot Blocked by Julius Honka.
Goals for this period are 0 for Saguenéens vs 0 for River Frogs.
Shots for this period are 12 for Saguenéens vs 9 for River Frogs.
2nd period
0:01 of 2nd period - Michael Latta wins face-off versus Christian Hanson in neutral zone.
0:03 of 2nd period - Off-side.
0:04 of 2nd period - Christian Hanson wins face-off versus Michael Latta in neutral zone.
0:07 of 2nd period - Backhand shot by Emerson Etem.
0:07 of 2nd period - Goal by Emerson Etem - Saguenéens : 0 - River Frogs : 1.
0:08 of 2nd period - Michael Latta wins face-off versus Christian Hanson in neutral zone.
0:10 of 2nd period - Off-side.
0:11 of 2nd period - Michael Latta wins face-off versus Christian Hanson in neutral zone.
0:15 of 2nd period - Off-side.
0:16 of 2nd period - Christian Hanson wins face-off versus Michael Latta in neutral zone.
0:29 of 2nd period - Wrist shot by Christian Hanson.
0:29 of 2nd period - Stopped by Joe Cannata without a rebound.
0:30 of 2nd period - Michael Latta wins face-off versus Christian Hanson in Saguenéens zone.
0:36 of 2nd period - Off-side.
0:37 of 2nd period - Michael Latta wins face-off versus Christian Hanson in neutral zone.
0:39 of 2nd period - Off-side.
0:40 of 2nd period - Michael Latta wins face-off versus Christian Hanson in neutral zone.
0:58 of 2nd period - Snap shot by Christian Hanson.
0:58 of 2nd period - Shot Misses the Net.
1:00 of 2nd period - Wrist shot by Aaron Ness.
1:00 of 2nd period - Stopped by Joe Cannata without a rebound.
1:01 of 2nd period - Leon Draisaitl wins face-off versus Alexander Wennberg in Saguenéens zone.
1:14 of 2nd period - Snap shot by Alexander Wennberg.
1:14 of 2nd period - Stopped by Phoenix Copley with a rebound.
1:26 of 2nd period - Matt Calvert is hit by Adam Erne and loses puck.
1:37 of 2nd period - Snap shot by Emerson Etem.
1:37 of 2nd period - Deflect By Matt Calvert.
1:37 of 2nd period - Stopped by Joe Cannata with a rebound.
1:39 of 2nd period - Wrist shot by Emerson Etem.
1:39 of 2nd period - Deflect By Craig Cunningham.
1:39 of 2nd period - Stopped by Joe Cannata without a rebound.
1:40 of 2nd period - Jared Knight wins face-off versus Luke Witkowski in Saguenéens zone.
2:10 of 2nd period - Emerson Etem is hit by Rhett Rakhshani and loses puck.
2:11 of 2nd period - Emerson Etem from River Frogs is injured at 2:11 of 2nd period (Left Leg).
2:12 of 2nd period - Michael Latta wins face-off versus Matt Calvert in River Frogs zone.
2:17 of 2nd period - Snap shot by Luke Witkowski.
2:17 of 2nd period - Stopped by Phoenix Copley without a rebound.
2:18 of 2nd period - Mario Lucia wins face-off versus Michael Latta in River Frogs zone.
3:08 of 2nd period - Minor Penalty to Leon Draisaitl for Tripping.
3:09 of 2nd period - Alexander Wennberg wins face-off versus Christian Hanson in River Frogs zone.
3:38 of 2nd period - Off-side.
3:39 of 2nd period - Christian Hanson wins face-off versus Michael Latta in neutral zone.
3:52 of 2nd period - Slapshot by Jake McCabe.
3:52 of 2nd period - Shot Misses the Net.
4:19 of 2nd period - Timothy Kunes is hit by Dalton Prout.
5:08 of 2nd period - Penalty to Leon Draisaitl is over, Leon Draisaitl is back on ice.
5:19 of 2nd period - Off-side.
5:20 of 2nd period - Leon Draisaitl wins face-off versus Juraj Mikus in neutral zone.
5:23 of 2nd period - Snap shot by Justin Florek.
5:23 of 2nd period - Shot Blocked by Juraj Mikus.
5:23 of 2nd period - Juraj Mikus from Saguenéens is injured at 5:23 of 2nd period (Bruised Left Leg).
5:24 of 2nd period - Christian Hanson wins face-off versus Michael Latta in Saguenéens zone.
5:51 of 2nd period - Rhett Rakhshani is hit by Anthony Bitetto and loses puck.
6:39 of 2nd period - Slapshot by Aaron Ness.
6:39 of 2nd period - Deflect By Joakim Nordstrom.
6:39 of 2nd period - Shot Misses the Net.
6:39 of 2nd period - Puck is out of play.
6:40 of 2nd period - Alexander Wennberg wins face-off versus Christian Hanson in Saguenéens zone.
6:53 of 2nd period - Snap shot by Matt Calvert.
6:53 of 2nd period - Deflect By Christian Hanson.
6:53 of 2nd period - Stopped by Joe Cannata without a rebound.
6:54 of 2nd period - Matt Calvert wins face-off versus Michael Latta in Saguenéens zone.
7:01 of 2nd period - Slapshot by Luke Witkowski.
7:01 of 2nd period - Shot Misses the Net.
7:03 of 2nd period - Snap shot by Mason Raymond.
7:03 of 2nd period - Goal by Mason Raymond - Saguenéens : 1 - River Frogs : 1.
7:04 of 2nd period - Michael Latta wins face-off versus Christian Hanson in neutral zone.
7:08 of 2nd period - Minor Penalty to Mario Lucia for Slashing.
7:09 of 2nd period - Michael Latta wins face-off versus Christian Hanson in River Frogs zone.
7:25 of 2nd period - Snap shot by Luke Witkowski.
7:25 of 2nd period - Shot Misses the Net.
7:35 of 2nd period - Jake McCabe is hit by Joakim Nordstrom and loses puck.
9:00 of 2nd period - Aaron Ness is hit by Rhett Rakhshani.
9:08 of 2nd period - Penalty to Mario Lucia is over, Mario Lucia is back on ice.
9:12 of 2nd period - Wrist shot by Christian Hanson.
9:12 of 2nd period - Shot Misses the Net.
10:07 of 2nd period - Backhand shot by Richard Nejezchleb.
10:07 of 2nd period - Stopped by Joe Cannata with a rebound.
10:09 of 2nd period - Wrist shot by Joakim Nordstrom.
10:09 of 2nd period - Shot Misses the Net.
10:11 of 2nd period - Slapshot by David Kolomatis.
10:11 of 2nd period - Shot Misses the Net.
10:53 of 2nd period - Snap shot by Matt Calvert.
10:53 of 2nd period - Stopped by Joe Cannata with a rebound.
11:58 of 2nd period - Wrist shot by Matt Calvert.
11:58 of 2nd period - Shot Blocked by Mason Raymond.
12:14 of 2nd period - Snap shot by Austin Watson.
12:14 of 2nd period - Stopped by Joe Cannata with a rebound.
12:16 of 2nd period - Snap shot by Borna Rendulic.
12:16 of 2nd period - Stopped by Joe Cannata without a rebound.
12:17 of 2nd period - Alexander Wennberg wins face-off versus Leon Draisaitl in Saguenéens zone.
12:28 of 2nd period - Snap shot by Alexander Wennberg.
12:28 of 2nd period - Stopped by Phoenix Copley with a rebound.
12:44 of 2nd period - Icing by Timothy Kunes.
12:45 of 2nd period - Teemu Pulkkinen wins face-off versus Christian Hanson in River Frogs zone.
12:48 of 2nd period - Wrist shot by Teemu Pulkkinen.
12:48 of 2nd period - Shot Blocked by Aaron Ness.
12:50 of 2nd period - Snap shot by Duncan Siemens.
12:50 of 2nd period - Shot Blocked by Aaron Ness.
12:52 of 2nd period - Wrist shot by Adam Erne.
12:52 of 2nd period - Shot Hit the Post.
12:54 of 2nd period - Slapshot by Duncan Siemens.
12:54 of 2nd period - Stopped by Phoenix Copley with a rebound.
12:56 of 2nd period - Slapshot by Duncan Siemens.
12:56 of 2nd period - Stopped by Phoenix Copley without a rebound.
12:57 of 2nd period - Christian Hanson wins face-off versus Alexander Wennberg in River Frogs zone.
13:02 of 2nd period - Slapshot by Timothy Kunes.
13:02 of 2nd period - Stopped by Joe Cannata with a rebound.
13:30 of 2nd period - Wrist shot by Leon Draisaitl.
13:30 of 2nd period - Stopped by Joe Cannata with a rebound.
13:56 of 2nd period - Slapshot by Jake McCabe.
13:56 of 2nd period - Shot Blocked by Borna Rendulic.
14:54 of 2nd period - Icing by Morgan Rielly.
14:55 of 2nd period - Justin Florek wins face-off versus Teemu Pulkkinen in River Frogs zone.
15:20 of 2nd period - Michael Latta is hit by Morgan Rielly and loses puck.
15:40 of 2nd period - Snap shot by Jared Knight.
15:40 of 2nd period - Shot Misses the Net.
15:42 of 2nd period - Slapshot by David Kolomatis.
15:42 of 2nd period - Deflect By Jake McCabe.
15:42 of 2nd period - Stopped by Joe Cannata without a rebound.
15:43 of 2nd period - Jared Knight wins face-off versus Alexander Wennberg in Saguenéens zone.
15:50 of 2nd period - Snap shot by Timothy Kunes.
15:50 of 2nd period - Stopped by Joe Cannata without a rebound.
15:51 of 2nd period - Michael Latta wins face-off versus Matt Calvert in Saguenéens zone.
17:31 of 2nd period - Michael Latta is hit by Matt Calvert and loses puck.
18:46 of 2nd period - Minor Penalty to Jake McCabe for Holding.
18:47 of 2nd period - Michael Latta wins face-off versus Christian Hanson in Saguenéens zone.
18:55 of 2nd period - Off-side.
18:56 of 2nd period - Michael Latta wins face-off versus Christian Hanson in neutral zone.
19:22 of 2nd period - Slapshot by Aaron Ness.
19:22 of 2nd period - Stopped by Joe Cannata with a rebound.
19:24 of 2nd period - Snap shot by Justin Florek.
19:24 of 2nd period - Stopped by Joe Cannata without a rebound.
19:25 of 2nd period - Michael Latta wins face-off versus Leon Draisaitl in Saguenéens zone.
Goals for this period are 1 for Saguenéens vs 1 for River Frogs.
Shots for this period are 6 for Saguenéens vs 16 for River Frogs.
3rd period
0:01 of 3rd period - Michael Latta wins face-off versus Christian Hanson in neutral zone.
0:37 of 3rd period - Off-side.
0:38 of 3rd period - Luke Witkowski wins face-off versus Christian Hanson in neutral zone.
0:46 of 3rd period - Penalty to Jake McCabe is over, Jake McCabe is back on ice.
1:47 of 3rd period - Wrist shot by Richard Nejezchleb.
1:47 of 3rd period - Shot Misses the Net.
1:49 of 3rd period - Slapshot by Morgan Rielly.
1:49 of 3rd period - Stopped by Joe Cannata without a rebound.
1:50 of 3rd period - Ryan Fitzgerald wins face-off versus Alexander Wennberg in Saguenéens zone.
1:55 of 3rd period - Snap shot by Joakim Nordstrom.
1:55 of 3rd period - Stopped by Joe Cannata without a rebound.
1:56 of 3rd period - Christian Hanson wins face-off versus Michael Latta in Saguenéens zone.
2:21 of 3rd period - Snap shot by Leon Draisaitl.
2:21 of 3rd period - Shot Misses the Net.
2:27 of 3rd period - Slapshot by Jake McCabe.
2:27 of 3rd period - Shot Misses the Net.
2:29 of 3rd period - Wrist shot by Rhett Rakhshani.
2:29 of 3rd period - Deflect By Carl Hagelin.
2:29 of 3rd period - Goal by Carl Hagelin - Saguenéens : 2 - River Frogs : 1.
2:30 of 3rd period - Michael Latta wins face-off versus Christian Hanson in neutral zone.
3:44 of 3rd period - Slapshot by Jake McCabe.
3:44 of 3rd period - Deflect By Adam Erne.
3:44 of 3rd period - Stopped by Phoenix Copley with a rebound.
3:46 of 3rd period - Slapshot by Jake McCabe.
3:46 of 3rd period - Shot Misses the Net.
5:20 of 3rd period - Minor Penalty to Craig Cunningham for Tripping.
5:21 of 3rd period - Christian Hanson wins face-off versus Michael Latta in Saguenéens zone.
5:54 of 3rd period - Nick Mattson is hit by Leon Draisaitl and loses puck.
6:19 of 3rd period - Wrist shot by Alexander Wennberg.
6:19 of 3rd period - Shot Misses the Net.
6:21 of 3rd period - Slapshot by Duncan Siemens.
6:21 of 3rd period - Shot Blocked by Justin Florek.
6:45 of 3rd period - Shane Sims is hit by Jake McCabe.
7:20 of 3rd period - Penalty to Craig Cunningham is over, Craig Cunningham is back on ice.
7:55 of 3rd period - Wrist shot by Ryan Fitzgerald.
7:55 of 3rd period - Stopped by Joe Cannata without a rebound.
7:56 of 3rd period - Ryan Fitzgerald wins face-off versus Teemu Pulkkinen in Saguenéens zone.
8:18 of 3rd period - Off-side.
8:19 of 3rd period - Leon Draisaitl wins face-off versus Alexander Wennberg in neutral zone.
9:13 of 3rd period - Wrist shot by Justin Florek.
9:13 of 3rd period - Shot Misses the Net.
9:15 of 3rd period - Slapshot by Aaron Ness.
9:15 of 3rd period - Stopped by Joe Cannata with a rebound.
9:17 of 3rd period - Backhand shot by Morgan Rielly.
9:17 of 3rd period - Stopped by Joe Cannata with a rebound.
9:19 of 3rd period - Slapshot by David Kolomatis.
9:19 of 3rd period - Stopped by Joe Cannata with a rebound.
9:21 of 3rd period - Snap shot by Leon Draisaitl.
9:21 of 3rd period - Deflect By Ondrej Kase.
9:21 of 3rd period - Shot Misses the Net.
9:21 of 3rd period - Puck is out of play.
9:22 of 3rd period - Christian Hanson wins face-off versus Michael Latta in Saguenéens zone.
9:37 of 3rd period - Wrist shot by Michael Latta.
9:37 of 3rd period - Deflect By Luke Witkowski.
9:37 of 3rd period - Stopped by Phoenix Copley with a rebound.
10:40 of 3rd period - Snap shot by Alexander Wennberg.
10:40 of 3rd period - Stopped by Phoenix Copley with a rebound.
10:49 of 3rd period - Minor Penalty to Carl Hagelin for Cross-checking.
10:50 of 3rd period - Christian Hanson wins face-off versus Michael Latta in Saguenéens zone.
10:50 of 3rd period - Slapshot by Anthony Bitetto.
10:50 of 3rd period - Shot Misses the Net.
10:52 of 3rd period - Slapshot by Mario Lucia.
10:52 of 3rd period - Shot Blocked by Nick Mattson.
10:54 of 3rd period - Snap shot by Matt Calvert.
10:54 of 3rd period - Stopped by Joe Cannata without a rebound.
10:55 of 3rd period - Mason Raymond wins face-off versus Christian Hanson in Saguenéens zone.
10:55 of 3rd period - Mason Raymond is hit by Matt Calvert.
11:05 of 3rd period - Nick Mattson is hit by Timothy Kunes and loses puck.
11:17 of 3rd period - Minor Penalty to Patrick Sieloff for Hooking.
11:18 of 3rd period - Michael Latta wins face-off versus Christian Hanson in Saguenéens zone.
11:51 of 3rd period - Slapshot by Timothy Kunes.
11:51 of 3rd period - Shot Blocked by Dalton Prout.
12:49 of 3rd period - Penalty to Carl Hagelin is over, Carl Hagelin is back on ice.
12:59 of 3rd period - Joakim Nordstrom is hit by Michael Latta and loses puck.
13:17 of 3rd period - Penalty to Patrick Sieloff is over, Patrick Sieloff is back on ice.
13:30 of 3rd period - Icing by Austin Watson.
13:31 of 3rd period - Jared Knight wins face-off versus Michael Latta in River Frogs zone.
13:49 of 3rd period - Aaron Ness is hit by Nick Mattson and loses puck.
13:57 of 3rd period - Leon Draisaitl is hit by Patrick Sieloff and loses puck.
14:38 of 3rd period - Richard Nejezchleb is hit by Carl Hagelin and loses puck.
14:54 of 3rd period - Jake McCabe is hit by Anthony Bitetto and loses puck.
15:01 of 3rd period - Snap shot by Ryan Fitzgerald.
15:01 of 3rd period - Shot Misses the Net.
15:17 of 3rd period - Slapshot by David Kolomatis.
15:17 of 3rd period - Shot Blocked by Dalton Prout.
15:19 of 3rd period - Snap shot by Richard Nejezchleb.
15:19 of 3rd period - Stopped by Joe Cannata without a rebound.
15:20 of 3rd period - Jared Knight wins face-off versus Michael Latta in Saguenéens zone.
15:41 of 3rd period - Borna Rendulic is hit by Duncan Siemens.
16:03 of 3rd period - Snap shot by Christian Hanson.
16:03 of 3rd period - Shot Blocked by Craig Cunningham.
16:41 of 3rd period - Nick Mattson is hit by Leon Draisaitl and loses puck.
16:52 of 3rd period - Nick Mattson is hit by Christian Hanson and loses puck.
17:00 of 3rd period - Minor Penalty to Francis Perron for Interference.
17:01 of 3rd period - Christian Hanson wins face-off versus Michael Latta in River Frogs zone.
18:44 of 3rd period - Timothy Kunes is hit by Patrick Sieloff and loses puck.
19:00 of 3rd period - Penalty to Francis Perron is over, Francis Perron is back on ice.
19:26 of 3rd period - Wrist shot by Teemu Pulkkinen.
19:26 of 3rd period - Shot Misses the Net.
19:34 of 3rd period - Wrist shot by Teemu Pulkkinen.
19:34 of 3rd period - Shot Misses the Net.
19:36 of 3rd period - Snap shot by Dalton Prout.
19:36 of 3rd period - Shot Misses the Net.
19:38 of 3rd period - Snap shot by Jake McCabe.
19:38 of 3rd period - Deflect By Craig Cunningham.
19:38 of 3rd period - Shot Misses the Net.
19:38 of 3rd period - Puck is out of play.
19:39 of 3rd period - Brent Sutter call a timeout for River Frogs.
19:39 of 3rd period - Christian Hanson wins face-off versus Craig Cunningham in River Frogs zone.
19:56 of 3rd period - River Frogs, Phoenix Copley is pulled from the net.
19:56 of 3rd period - Snap shot by Christian Hanson.
19:56 of 3rd period - Shot Blocked by Teemu Pulkkinen.
19:58 of 3rd period - Wrist shot by Mario Lucia.
19:58 of 3rd period - Stopped by Joe Cannata without a rebound.
19:59 of 3rd period - Craig Cunningham wins face-off versus Christian Hanson in Saguenéens zone.
Goals for this period are 1 for Saguenéens vs 0 for River Frogs.
Shots for this period are 4 for Saguenéens vs 9 for River Frogs.
Back to the Top